 Dungeon Crawl Stone Soup version 0.27.1-3-gb3d3a73c9e (webtiles) character file.

Game seed: 17311194667266095495

952 BinkBink the Cudgeller (level 7, -5/67 HPs)
             Began as a Troll Warper on Oct 31, 2021.
             Slain by an ogre (25 damage)
             ... on level 4 of the Dungeon.
             The game lasted 00:12:27 (3187 turns).

BinkBink the Cudgeller (Troll Warper)               Turns: 3187, Time: 00:12:28

Health: -5/67      AC:  4    Str: 22    XL:     7   Next: 90%
Magic:  0/8        EV: 10    Int:  9    God:
Gold:   178        SH:  0    Dex:  9    Spells: 7/9 levels left

rFire    . . .     SeeInvis .   a - +0 mace
rCold    . . .     Faith    .   (no shield)
rNeg     . . .     Spirit   +   b - +0 robe
rPois    .         Reflect  .   (helmet restricted)
rElec    .         Harm     .   (no cloak)
rCorr    .         Rampage  .   (gloves unavailable)
Will     .....                  (boots unavailable)
Stlth    +.........             f - amulet of guardian spirit
HPRegen  1.21/turn              (no ring)
MPRegen  0.11/turn              (no ring)

@: no status effects
A: large, unfitting armour, claws 3, regeneration 1, shaggy fur 1, tough skin 1
a: no special abilities


You were on level 4 of the Dungeon.
You visited 1 branch of the dungeon, and saw 5 of its levels.

You collected 178 gold pieces.

Inventory:

Hand Weapons
 a - a +0 mace (weapon)
Missiles
 d - 5 boomerangs of dispersal (quivered)
Armour
 b - a +0 robe (worn)
Magical Staves
 c - a staff of air
 r - a staff of death
Jewellery
 e - an amulet of faith
 f - an amulet of guardian spirit (around neck)
Wands
 n - a wand of charming (6)
Scrolls
 h - 2 scrolls of enchant armour {unknown}
 i - 3 scrolls of teleportation {unknown}
 j - a scroll of magic mapping {unknown}
 m - 3 scrolls of identify {unknown}
 p - a scroll of enchant weapon {unknown}
 q - 3 scrolls of vulnerability {unknown}
Potions
 l - 3 potions of berserk rage {unknown}
 s - a potion of lignification {unknown}


   Skills:
 + Level 3.3 Fighting
 + Level 5.5 Maces & Flails
 + Level 0.8 Throwing
 + Level 3.8 Dodging
 - Level 1.0 Stealth
 * Level 1.8 Spellcasting
 * Level 2.8 Translocations
 * Level 1.0 Evocations


You had 7 spell levels left.
You knew the following spells:

 Your Spells              Type           Power      Damage    Failure   Level
a - Blink                 Tloc           N/A        N/A       16%         2

Your spell library contained the following spells:

 Spells                   Type           Power      Damage    Failure   Level
 Gell's Gravitas          Tloc           2%         N/A       32%         3
 Lesser Beckoning         Tloc           2%         N/A       32%         3
 Teleport Other           Tloc           5%         N/A       32%         3
 Magic Dart               Conj           0%         1d3       34%         1
 Searing Ray              Conj           0%         3d3       45%         2
 Slow                     Hex            0%         N/A       45%         2
 Confusing Touch          Hex            0%         N/A       71%         3
 Vampiric Draining        Necr           0%         2d6       71%         3
 Manifold Assault         Tloc           5%         N/A       96%         5
 Fulminant Prism          Conj/Hex       0%         3d6       98%         4


Dungeon Overview and Level Annotations

Branches:
Dungeon (5/15)
 Temple: D:4-7

Altars:
Dithmenos

Shops:
D:3 *

Annotations:
D:5 Dowan, Duvessa


Innate Abilities, Weirdness & Mutations

You are too large for most types of armour.
You have claws for hands.
Your natural rate of healing is unusually fast.
You are covered in fur. (AC +1)
You have tough skin. (AC +1)


Message History

You barely miss the ogre.
The ogre is severely wounded.
The ogre hits you with a +0 giant spiked club!
You sock the ogre!
You kill the ogre!
Your Evocations skill increases to level 1!
No target in view!
No target in view!
An ogre comes into view. It is wielding a +0 giant club.
You barely miss the ogre.
The ogre shouts!
The ogre barely misses you.
You hit the ogre.
The ogre is lightly wounded.
The ogre hits you with a +0 giant club!
You closely miss the ogre.
The ogre is lightly wounded.
The ogre hits you with a +0 giant club!!
You hit the ogre but do no damage.
The ogre is lightly wounded.
The ogre barely misses you.
You barely miss the ogre.
The ogre is lightly wounded.
The ogre hits you with a +0 giant club!!
* * * LOW HITPOINT WARNING * * *
You are too injured to fight recklessly!
You are too injured to fight recklessly!
A water moccasin zombie comes into view.
There is a stone staircase leading up here.
The ogre barely misses you.
You climb upwards.
There is a stone staircase leading down here.
You hit the ogre but do no damage.
The ogre is lightly wounded.
The ogre hits you with a +0 giant club!!
* * * LOW HITPOINT WARNING * * *
You hit the ogre.
The ogre is moderately wounded.
The ogre hits you with a +0 giant club!!
You die...

########## ########........#
######### ..(...##........#
#.......# ......##........#
#.......#
....>.##........####.......#
......##.)......##.........#
......##.......>#..#.......#
......#######..O@..........#
......#####....##.##.......#
.......##...#.##..##########
..........###.##.##
.......#..# #.##.# ####
####......###.#..## #..#
.......##.........########..#
####.#.####................##
#.#............#.########


You could see an ogre.

Vanquished Creatures
  Sigmund (D:2)
  Menkaure (D:4)
  A hornet zombie (D:5)
  A necrophage (D:5)
  An ogre (D:5)
  A water moccasin skeleton (D:4)
  A bullfrog zombie (D:3)
  A bullfrog skeleton (D:4)
  A hound (D:5)
  Natasha (thrice) (D:4)
  A scorpion zombie (D:5)
  5 adders
  5 gnolls
  A shadow imp (D:5)
  2 worms
  2 dart slugs
  3 orcs
  7 endoplasms
  2 hobgoblins
  A quokka (D:1)
  5 ball pythons
  3 bats
  3 frilled lizards
  8 goblins
  6 kobolds
  4 rats
70 creatures vanquished.

Vanquished Creatures (others)
  A plant (D:3)
1 creature vanquished.

Grand Total: 71 creatures vanquished

Notes
Turn   | Place    | Note
-------+----------+-------------------------------------------
     0 | D:1      | BinkBink the Troll Warper began the quest for the Orb.
     0 | D:1      | Reached XP level 1. HP: 19/19 MP: 1/1
   400 | D:1      | Found a faded altar of an unknown god.
   406 | D:1      | Reached XP level 2. HP: 18/27 MP: 3/3
   820 | D:2      | HP: 1/28 [frilled lizard (1)]
   821 | D:3      | Found Xyutit's Assorted Antiques.
   835 | D:2      | Reached skill level 2 in Maces & Flails
   910 | D:2      | Found a shadowy altar of Dithmenos.
   924 | D:2      | Reached XP level 3. HP: 35/35 MP: 4/4
  1072 | D:2      | Noticed Sigmund
  1094 | D:2      | Killed Sigmund
  1095 | D:2      | Reached skill level 3 in Maces & Flails
  1095 | D:2      | Reached XP level 4. HP: 13/44 MP: 5/5
  1095 | D:2      | Reached XP level 5. HP: 15/50 MP: 6/6
  1758 | D:3      | Reached XP level 6. HP: 52/59 MP: 4/7
  1929 | D:3      | Reached skill level 4 in Maces & Flails
  2112 | D:4      | Learned a level 2 spell: Blink
  2174 | D:4      | Noticed Natasha
  2182 | D:4      | Killed Natasha
  2209 | D:4      | Noticed Menkaure
  2289 | D:4      | Killed Menkaure
  2388 | D:4      | Reached skill level 1 in Stealth
  2388 | D:4      | Reached XP level 7. HP: 67/67 MP: 6/8
  2415 | D:4      | Noticed Natasha
  2434 | D:4      | Killed Natasha
  2435 | D:4      | Reached skill level 5 in Maces & Flails
  2459 | D:4      | Noticed Natasha
  2472 | D:4      | Killed Natasha
  2760 | D:5      | Entered Level 5 of the Dungeon
  2868 | D:5      | HP: 2/67 [hornet zombie (7)]
  2982 | D:5      | Noticed Duvessa
  2982 | D:5      | Noticed Dowan
  3159 | D:5      | Reached skill level 1 in Evocations
  3187 | D:4      | Slain by an ogre

Illustrated notes

Levels and vault maps discovered:
D:1:      matt_arrival_spirals, layout_loops_cross,
          hellmonk_ecumenical_altar_zigzags
D:2:      layout_loops_ring, basic_altar, kennysheep_doodads, uniq_sigmund
D:3:      layout_rooms, serial_shops, nicolae_shop_overgrown_old_shop
D:4:      layout_rooms, uniq_menkaure, uniq_natasha
D:5:      layout_loops_ring, uniq_crazy_yiuf_cottage, uniq_duvessa, uniq_pikel

Skill      XL: |  1  2  3  4  5  6  7 |
---------------+----------------------+-----
Dodging        | 2 3 |  3.8
Maces & Flails | 2 3 4 5 |  5.5
Fighting       | 2 3 |  3.3
Stealth        | 1 |  1.0
Evocations     | 1 |  1.0
Throwing       | |  0.8
Spellcasting   | |  1.8
Translocations | |  2.8

Action                   |  1- 3 |  4- 6 |  7- 9 || total
-------------------------+-------+-------+-------++-------
Melee: Mace              |   101 |   144 |   127 ||   372
  Use: Potion            |     1 |       |     4 ||     5
       Scroll            |       |       |     1 ||     1
 Stab: Sleeping          |     2 |     1 |       ||     3
Armor: Robe              |    46 |    43 |    25 ||   114
Dodge: Dodged            |    83 |    72 |    70 ||   225
